ORI
UNIVERSITY OF VIRGINIA CAVALIERS @ UNIVERSITY OF FLORIDA GATORS
08/15/2049
 
TOP OF THE 1ST
University of Virginia Cavaliers batting - Pitching for University of Florida Gators : RHP Nelson Carachure
Pitching: RHP Nelson Carachure
Batting: RHB Scott Anderson 0-0: Called Strike
0-1: Foul Ball, location: 2F
0-2: Ball
1-2: Fly out, F5 (Popup, 5S, EV 76.2 MPH)
Batting: LHB Edelberto Barbas 0-0: Foul Ball, location: 2F
0-1: Ground out 4-3 (Groundball, 4, EV 99.4 MPH)
Batting: LHB Eustachio Bontempi 0-0: Called Strike
0-1: Ball
1-1: Swinging Strike
1-2: Ball
2-2: Strikes out swinging
Top of the 1st over - 0 runs, 0 hits, 0 errors, 0 left on base; University of Virginia 0 - University of Florida 0
BOTTOM OF THE 1ST
University of Florida Gators batting - Pitching for University of Virginia Cavaliers : RHP Waldemar Toet
Pitching: RHP Waldemar Toet
Batting: RHB Jiao-long Zhào 0-0: Swinging Strike
0-1: Ball
1-1: Foul Ball, location: 2F
1-2: Strikes out swinging
Batting: LHB Roy Davies 0-0: Foul Ball, location: 2F
0-1: Swinging Strike
0-2: Ball
1-2: TRIPLE (Flyball, 7LM, EV 105.6 MPH)
Batting: RHB Gong-sun Law 0-0: Called Strike
0-1: Fly out, F7 (Flyball, 7LD, EV 93.1 MPH)
Runner from 3rd tags up, SCORES, no throw by LF
Batting: SHB Nelson Carachure 0-0: Ball
1-0: Foul Ball, location: 2F
1-1: Foul Ball, location: 2F
1-2: Fly out, F3 (Popup, 3F, EV 72.5 MPH)
Bottom of the 1st over - 1 run, 1 hit, 0 errors, 0 left on base; University of Virginia 0 - University of Florida 1
TOP OF THE 2ND
University of Virginia Cavaliers batting - Pitching for University of Florida Gators : RHP Nelson Carachure
Batting: RHB Jose Velez 0-0: Ball
1-0: Ball
2-0: Called Strike
2-1: Foul Ball, location: 2F
2-2: Foul Ball, location: 2F
2-2: Strikes out swinging
Batting: LHB Jeff Bruce 0-0: Called Strike
0-1: Ball
1-1: Swinging Strike
1-2: Strikes out looking
Batting: LHB Josh Doan 0-0: Called Strike
0-1: Swinging Strike
0-2: Ball
1-2: Ball
2-2: Ball
3-2: Strikes out swinging
Top of the 2nd over - 0 runs, 0 hits, 0 errors, 0 left on base; University of Virginia 0 - University of Florida 1
BOTTOM OF THE 2ND
University of Florida Gators batting - Pitching for University of Virginia Cavaliers : RHP Waldemar Toet
Batting: LHB Davey Groen 0-0: Ball
1-0: Ground out 4-3 (Groundball, 4M, EV 80.6 MPH)
Batting: RHB Lião Weishampt 0-0: Called Strike
0-1: Foul Ball, location: 2F
0-2: SINGLE (Groundball, 6MD, EV 98.8 MPH)
Batting: RHB Hiromichi Takamoto 0-0: Ball
1-0: Called Strike
1-1: Ball
2-1: Fielders Choice at 2nd, 4-6 (Groundball, 4, EV 106.9 MPH)
Batting: RHB Josh Curtis 0-0: Foul Ball, location: 2F
0-1: Ball
Hiromichi Takamoto steals 2nd base
1-1: Ball
2-1: Fly out, F9 (Line Drive, 9, EV 91.9 MPH)
Bottom of the 2nd over - 0 runs, 1 hit, 0 errors, 1 left on base; University of Virginia 0 - University of Florida 1
TOP OF THE 3RD
University of Virginia Cavaliers batting - Pitching for University of Florida Gators : RHP Nelson Carachure
Batting: LHB Ray Nichter 0-0: SINGLE (Line Drive, 8RS, EV 101.2 MPH)
Batting: RHB Allen McCaskill 0-0: Fielders Choice at 2nd, 1-4 (Groundball, 25, EV 73.8 MPH)
Batting: RHB Maurice McDonald 0-0: Ball
1-0: Called Strike
1-1: Swinging Strike
1-2: Strikes out swinging
Batting: RHB Scott Anderson 0-0: Called Strike
Allen McCaskill steals 2nd base
0-1: Called Strike
0-2: Strikes out swinging
Top of the 3rd over - 0 runs, 1 hit, 0 errors, 1 left on base; University of Virginia 0 - University of Florida 1
BOTTOM OF THE 3RD
University of Florida Gators batting - Pitching for University of Virginia Cavaliers : RHP Waldemar Toet
Batting: RHB Conz Laufenberg 0-0: Ball
1-0: Foul Ball, location: 2F
1-1: Ground out 4-3 (Groundball, 4, EV 100.0 MPH)
Batting: RHB Jiao-long Zhào 0-0: Called Strike
0-1: Ball
1-1: Ball
2-1: Fly out, F8 (Flyball, 8RD, EV 88.1 MPH)
Batting: LHB Roy Davies 0-0: Ball
1-0: Called Strike
1-1: Called Strike
1-2: Ball
2-2: Foul Ball, location: 2F
2-2: DOUBLE (Line Drive, 78D, EV 103.1 MPH)
Batting: RHB Gong-sun Law 0-0: Ball
1-0: Called Strike
1-1: Ball
2-1: Foul Ball, location: 2F
2-2: Ball
3-2: Base on Balls
Batting: SHB Nelson Carachure 0-0: Foul Ball, location: 2F
0-1: Ball
1-1: Called Strike
1-2: Foul Ball, location: 2F
1-2: Foul Ball, location: 2F
1-2: Strikes out looking
Bottom of the 3rd over - 0 runs, 1 hit, 0 errors, 2 left on base; University of Virginia 0 - University of Florida 1
TOP OF THE 4TH
University of Virginia Cavaliers batting - Pitching for University of Florida Gators : RHP Nelson Carachure
Batting: LHB Edelberto Barbas 0-0: Ball
1-0: Ball
2-0: Ball
3-0: Called Strike
3-1: Swinging Strike
3-2: Foul Ball, location: 2F
3-2: Fly out, F9 (Line Drive, 9LS, EV 99.4 MPH)
Batting: LHB Eustachio Bontempi 0-0: Ground out 4-3 (Groundball, 4, EV 81.9 MPH)
Batting: RHB Jose Velez 0-0: Foul Ball, location: 2F
0-1: Ball
1-1: Foul Ball, location: 2F
1-2: Ground out 3-1 (Groundball, 34S, EV 80.6 MPH)
Top of the 4th over - 0 runs, 0 hits, 0 errors, 0 left on base; University of Virginia 0 - University of Florida 1
BOTTOM OF THE 4TH
University of Florida Gators batting - Pitching for University of Virginia Cavaliers : RHP Waldemar Toet
Batting: LHB Davey Groen 0-0: Ball
1-0: Called Strike
1-1: Foul Ball, location: 2F
1-2: Strikes out swinging
Batting: RHB Lião Weishampt 0-0: Ball
1-0: Ground out 6-3 (Groundball, 6, EV 104.4 MPH)
Batting: RHB Hiromichi Takamoto 0-0: Ball
1-0: Foul Ball, location: 2F
1-1: SINGLE (Flyball, 6MD, EV 91.9 MPH)
Batting: RHB Josh Curtis 0-0: Ball
Hiromichi Takamoto steals 2nd base
1-0: Ball
2-0: Called Strike
2-1: Called Strike
2-2: Strikes out swinging
Bottom of the 4th over - 0 runs, 1 hit, 0 errors, 1 left on base; University of Virginia 0 - University of Florida 1
TOP OF THE 5TH
University of Virginia Cavaliers batting - Pitching for University of Florida Gators : RHP Nelson Carachure
Now at C: Vince Trussell
Now at 3B: Juan Lopez
Now in LF: Keith Kamerling
Now in CF: Juan Cadavid
Batting: LHB Jeff Bruce 0-0: Ball
1-0: SINGLE (Groundball, 25, EV 69.4 MPH) (infield hit)
Batting: LHB Josh Doan 0-0: Called Strike
0-1: Called Strike
0-2: Strikes out looking
Jeff Bruce steals 2nd base
Batter strikes out.
Batting: LHB Ray Nichter 0-0: Called Strike
0-1: Ball
1-1: Ball
2-1: Called Strike
2-2: Ball
3-2: Fly out, F7 (Flyball, 78S, EV 77.5 MPH)
Batting: RHB Allen McCaskill 0-0: Called Strike
0-1: Ball
1-1: Foul Ball, location: 2F
1-2: Foul Ball, location: 2F
1-2: Ball
2-2: Ground out 4-3 (Groundball, 34, EV 96.2 MPH)
Top of the 5th over - 0 runs, 1 hit, 0 errors, 1 left on base; University of Virginia 0 - University of Florida 1
BOTTOM OF THE 5TH
University of Florida Gators batting - Pitching for University of Virginia Cavaliers : RHP Waldemar Toet
Pitching: RHP Vince Connell
Now at 2B: Jason Thresher
Now at 3B: Jeremy Weber
Now in CF: Ethan Lewis
Batting: RHB Conz Laufenberg 0-0: Ball
1-0: Foul Ball, location: 2F
1-1: Ball
2-1: Foul Ball, location: 2F
2-2: Foul Ball, location: 2F
2-2: Foul Ball, location: 2F
2-2: Ball
3-2: Foul Ball, location: 2F
3-2: Foul Ball, location: 2F
3-2: Base on Balls
Batting: RHB Juan Lopez 0-0: Foul Ball, location: 2F
0-1: Foul Ball, location: 2F
0-2: Fielders Choice at 2nd, 5-4 (Groundball, 5, EV 89.4 MPH)
Pinch Hitting: RHB Manny Harrison 0-0: Ball
1-0: Ball
2-0: SINGLE (Line Drive, 34D, EV 103.1 MPH)
Juan Lopez to second
Batting: RHB Gong-sun Law 0-0: Fly out, F7 (Flyball, 7LS, EV 97.5 MPH)
Batting: SHB Nelson Carachure 0-0: Ball
1-0: DOUBLE (Line Drive, 5D, EV 98.1 MPH)
Juan Lopez scores
Manny Harrison to third
Runner from 3rd tries for Home, throw by LF and OUT! 7-6-2
Bottom of the 5th over - 1 run, 2 hits, 0 errors, 1 left on base; University of Virginia 0 - University of Florida 2
TOP OF THE 6TH
University of Virginia Cavaliers batting - Pitching for University of Florida Gators : RHP Nelson Carachure
Now at 1B: Manny Harrison
Now at 2B: Hyo-kon Lee
Batting: RHB Maurice McDonald 0-0: Swinging Strike
0-1: Ball
1-1: Ball
2-1: Fly out, F2 (Popup, 25F, EV 87.5 MPH)
Pinch Hitting: SHB Jimmy Steckman 0-0: Called Strike
0-1: Ball
1-1: Ground out 4-3 (Groundball, 34D, EV 103.1 MPH)
Pinch Hitting: LHB Toshiro Ishiguro 0-0: Called Strike
0-1: Called Strike
0-2: Ball
1-2: Foul Ball, location: 2F
1-2: Strikes out swinging
Top of the 6th over - 0 runs, 0 hits, 0 errors, 0 left on base; University of Virginia 0 - University of Florida 2
BOTTOM OF THE 6TH
University of Florida Gators batting - Pitching for University of Virginia Cavaliers : RHP Vince Connell
Now at 1B: Jimmy Steckman
Now in LF: Toshiro Ishiguro
Batting: LHB Juan Cadavid 0-0: Swinging Strike
0-1: Ball
1-1: Ball
2-1: Ground out 6-3 (Groundball, 56, EV 102.5 MPH)
Batting: RHB Vince Trussell 0-0: Swinging Strike
0-1: Ball
1-1: Foul Ball, location: 2F
1-2: Ball
2-2: Foul Ball, location: 2F
2-2: Fly out, F7 (Flyball, 7, EV 81.9 MPH)
Pinch Hitting: RHB Joy-shan Zhu 0-0: Ball
1-0: Called Strike
1-1: Ball
2-1: Foul Ball, location: 2F
2-2: SINGLE (Line Drive, 34D, EV 100.0 MPH)
Batting: RHB Keith Kamerling 0-0: Ball
1-0: Ball
2-0: Ball
3-0: Called Strike
3-1: Base on Balls
Joy-shan Zhu to second
Batting: RHB Hyo-kon Lee 0-0: Ball
1-0: Ball
2-0: Swinging Strike
2-1: Fielders Choice at 2nd, 5-4 (Groundball, 56, EV 85.6 MPH)
Bottom of the 6th over - 0 runs, 1 hit, 0 errors, 2 left on base; University of Virginia 0 - University of Florida 2
TOP OF THE 7TH
University of Virginia Cavaliers batting - Pitching for University of Florida Gators : RHP Nelson Carachure
Pitching: LHP Adhamh Lubis
Now at SS: Dante Cossiga
Now in RF: Pat Justice
Batting: RHB Steve Heard 0-0: Ball
1-0: Ball
2-0: Ground out 6-3 (Groundball, 6, EV 80.6 MPH)
Batting: SHB Ethan Lewis 0-0: Foul Ball, location: 2F
0-1: Foul Ball, location: 2F
0-2: Ball
1-2: Fly out, F6 (Popup, 6M, EV 60.6 MPH)
Pinch Hitting: LHB Juan Castillo 0-0: Ground out 4-3 (Groundball, 4S, EV 91.9 MPH)
Top of the 7th over - 0 runs, 0 hits, 0 errors, 0 left on base; University of Virginia 0 - University of Florida 2
BOTTOM OF THE 7TH
University of Florida Gators batting - Pitching for University of Virginia Cavaliers : RHP Vince Connell
Pitching: RHP Jason Odle
Now at C: Sean Carswell
Now in RF: Juan Castillo
Batting: RHB Juan Lopez 0-0: Ball
1-0: Fly out, F6 (Line Drive, 6, EV 66.2 MPH)
Batting: RHB Manny Harrison 0-0: Ball
1-0: Ball
2-0: Ground out 1-3 (Groundball, 13S, EV 70.0 MPH)
Batting: SHB Pat Justice 0-0: Swinging Strike
0-1: Foul Ball, location: 2F
0-2: Ball
1-2: Fly out, F5 (Popup, 25F, EV 84.4 MPH)
Bottom of the 7th over - 0 runs, 0 hits, 0 errors, 0 left on base; University of Virginia 0 - University of Florida 2
TOP OF THE 8TH
University of Virginia Cavaliers batting - Pitching for University of Florida Gators : LHP Adhamh Lubis
Pitching: RHP Jeff Nadeau
Batting: RHB Sean Carswell 0-0: Ball
1-0: Ball
2-0: Fly out, F6 (Line Drive, 6, EV 63.8 MPH)
Batting: RHB Jason Thresher 0-0: Ball
1-0: Fly out, F7 (Flyball, 7S, EV 91.9 MPH)
Batting: RHB Jeremy Weber 0-0: Fly out, F5 (Line Drive, 5, EV 72.5 MPH)
Top of the 8th over - 0 runs, 0 hits, 0 errors, 0 left on base; University of Virginia 0 - University of Florida 2
BOTTOM OF THE 8TH
University of Florida Gators batting - Pitching for University of Virginia Cavaliers : RHP Jason Odle
Batting: LHB Dave Newsome 0-0: Fly out, F8 (Flyball, 8RD, EV 91.2 MPH)
Batting: LHB Juan Cadavid 0-0: Ball
1-0: Ground out 5-3 (Groundball, 56, EV 86.9 MPH)
Batting: RHB Vince Trussell 0-0: Ball
1-0: Ball
2-0: Fly out, F4 (Popup, 34S, EV 69.4 MPH)
Bottom of the 8th over - 0 runs, 0 hits, 0 errors, 0 left on base; University of Virginia 0 - University of Florida 2
TOP OF THE 9TH
University of Virginia Cavaliers batting - Pitching for University of Florida Gators : RHP Jeff Nadeau
Pitching: LHP Michel Loiseau
Batting: RHB Maurice McDonald 0-0: Ball
1-0: Called Strike
1-1: Ball
2-1: Ground out 2-3 (Groundball, 2R, EV 77.5 MPH)
Pinch Hitting: RHB Rob Coble 0-0: Swinging Strike
0-1: Called Strike
0-2: Ball
1-2: Ball
2-2: Foul Ball, location: 2F
2-2: Ground out 6-3 (Groundball, 6, EV 87.5 MPH)
Batting: LHB Toshiro Ishiguro 0-0: Called Strike
0-1: Ground out 5-3 (Groundball, 5, EV 85.6 MPH)
Top of the 9th over - 0 runs, 0 hits, 0 errors, 0 left on base; University of Virginia 0 - University of Florida 2
Sunday, July 16th , 2023 - OOTP Baseball 24.6 Build 69